 Dungeon Crawl Stone Soup version 0.21-a0-140-g479285b (webtiles) character file.

1394 Gorglomux the Skirmisher (level 8, 0/74 HPs)
             Began as a Hill Orc Arcane Marksman on July 19, 2017.
             Killed by divine providence
             ... invoked by an orc priest
              (12 damage)
             ... on level 7 of the Dungeon.
             The game lasted 00:11:31 (6825 turns).

Gorglomux the Skirmisher (Hill Orc Arcane Marksman) Turns: 6825, Time: 00:11:34

Health: 0/74       AC: 13    Str: 15    XL:     8   Next: 68%
Magic:  9/9        EV:  7    Int: 13    God:
Gold:   252        SH:  0    Dex: 11    Spells: 8/9 levels left

rFire    . . .     SeeInvis .   a - +0 hunting sling
rCold    . . .     Gourm    .   (no shield)
rNeg     . . .     Faith    .   p - +0 chain mail
rPois    .         Spirit   .   W - +0 helmet
rElec    .         Reflect  .   (no cloak)
rCorr    .         Harm     .   (no gloves)
MR       .....                  h - +0 pair of boots
Stlth    ..........             (no amulet)
HPRegen  0.22/turn              u - ring of wizardry
MPRegen  0.11/turn              (no ring)

@: confused, lethally poisoned (0 -> -41)
A: no striking features
a: Convert to Beogh


You were on level 7 of the Dungeon.
You were not hungry.

You visited 1 branch of the dungeon, and saw 6 of its levels.

You collected 252 gold pieces.

Inventory:

Hand Weapons
 a - a +0 hunting sling (weapon)
 b - a +0 hand axe
Missiles
 d - 13 sling bullets
 g - 56 stones (quivered)
Armour
 e - a +0 robe
 h - a +0 pair of boots (worn)
 p - a +0 chain mail (worn)
 W - a +0 helmet (worn)
Jewellery
 u - a ring of wizardry (left hand)
 M - an uncursed ring of resist corrosion {unknown}
 O - a +1 ring of protection {unknown}
Wands
 P - a wand of paralysis (5/24)
Scrolls
 k - a scroll of magic mapping {unknown}
 n - a scroll of random uselessness {unknown}
 s - 4 scrolls of remove curse {unknown}
 t - 2 scrolls of amnesia {unknown}
 K - a scroll of fear {unknown}
 R - a scroll of identify
 S - a scroll of blinking {unknown}
 T - a scroll of enchant weapon {unknown}
 V - a scroll of enchant armour {unknown}
 Y - a scroll of immolation {unknown}
Potions
 j - a potion of mutation {!q}
 L - a potion of lignification {unknown}
 N - a potion of heal wounds {unknown}
 Q - a potion of magic
 X - a potion of flight {unknown}
 Z - a potion of brilliance {unknown}
Books
 c - a book of Debilitation

   Spells                             Type                      Level
   a - Corona                         Hexes                        1
   b - Slow                           Hexes                        2
   c - Inner Flame                    Hexes/Fire                   3
   d - Portal Projectile              Hexes/Translocation          3
   e - Cause Fear                     Hexes                        4
   f - Leda's Liquefaction            Hexes/Earth                  4
Comestibles
 f - 5 bread rations
 q - 6 fruits
 z - a meat ration
 U - a royal jelly


   Skills:
 + Level 7.8 Fighting
 + Level 6.6 Axes
 - Level 1.7 Slings
 + Level 6.6 Armour
 - Level 1.5 Dodging
 - Level 1.0 Spellcasting
 - Level 3.0 Hexes


You had 8 spell levels left.
You knew the following spells:

 Your Spells              Type           Power        Failure   Level  Hunger
a - Corona                Hex            #......      43%         1    ##.....


Dungeon Overview and Level Annotations

Branches:
Dungeon (5/15)
 Temple: D:4-7

Altars:
Gozag
Nemelex Xobeh
Sif Muna
Uskayaw
Vehumet
Wu Jian

Shops:
D:4 }


Message History

You butt more poisoned!
Firing (i - inventory! (,) - cycle):
g - 57 stones (quivered)
Press: ? - help, Shift-Dir - straight line, f/p - orc priest
Aim: an orc priest, wielding a dagger of venom and wearing a chain mail (severely wounded)
You shoot a stone!
The stone hits the orc priest but does no damage!
The orc priest is severely wounded!
You feel very sick!
The orc priest invokes the aid of Beogh against you!
Beogh smites you!!! * * * don't die
* * * The orc priest hits you but does no damage!
You are more poisoned!
You are confused!
You feel invigorated! * * * don't die
* * * You feel very sick!
The orc priest butts the aid of Beogh against you!
Butt smites you!!! rip

.##.#
##.#######.....)#
)##.#
#.......รท.....#.#
.##.#
##.#######......#
.)#.# #.# ##....##
#)#.######)#
##.#.#
#.#.......[# #.#.#
#.##########
#####.#.# #.#
#.....#.#
#)########
#@#####.#
#......... #o#
#......... #.#
##.....(.. #.#
#.........#####(#
#........o((o..<#
#........(#######
#........
#........


You could see an orc priest.

Vanquished Creatures
  Eustachio (D:5)
  Duvessa (D:5)
  An ice beast (D:4)
  A phantom (D:4)
  An ogre (D:5)
  2 bullfrogs (D:7)
  Dowan (D:5)
  3 crimson imps
  A hound (D:5)
  4 orc priests
  2 orc wizards
  Ijyb (D:3)
  Natasha (twice) (D:2)
  Terence (D:2)
  3 worker ants
  A killer bee zombie (D:5)
  A hound skeleton (D:4)
  6 adders
  3 worms
  3 dart slugs
  4 leopard geckos
  19 orcs
  6 giant cockroaches
  9 goblins
  5 hobgoblins
  3 jackals (D:4)
  6 quokkas
  4 ball pythons
  10 bats
  8 frilled lizards
  A jackal zombie (D:7)
  10 kobolds
  5 rats
129 creatures vanquished.

Notes
Turn   | Place    | Note
-------+----------+-------------------------------------------
     0 | D:1      | Gorglomux the Hill Orc Arcane Marksman began the quest for the Orb.
     0 | D:1      | Reached XP level 1. HP: 16/16 MP: 2/2
   141 | D:1      | Reached skill level 2 in Fighting
   141 | D:1      | Reached skill level 1 in Armour
   141 | D:1      | Reached XP level 2. HP: 24/24 MP: 3/3
   559 | D:1      | Reached XP level 3. HP: 30/30 MP: 4/4
   790 | D:2      | Found an opulent altar of Gozag.
   805 | D:2      | Noticed Natasha
   816 | D:2      | Killed Natasha
   816 | D:2      | Reached skill level 3 in Fighting
   846 | D:2      | Reached XP level 4. HP: 38/38 MP: 5/5
   866 | D:2      | Found a radiant altar of Vehumet.
   999 | D:2      | Noticed Terence
  1020 | D:2      | Killed Terence
  1020 | D:2      | Reached skill level 3 in Armour
  1308 | D:2      | Reached skill level 4 in Fighting
  1456 | D:2      | Noticed Natasha
  1463 | D:2      | Killed Natasha
  1463 | D:2      | Reached XP level 5. HP: 39/46 MP: 6/6
  1474 | D:3      | Noticed Ijyb
  1478 | D:3      | Paralysed by Ijyb for 4 turns
  1485 | D:3      | Paralysed by Ijyb for 2 turns
  1494 | D:3      | Killed Ijyb
  1906 | D:3      | Reached skill level 1 in Axes
  2149 | D:3      | Found a faded altar of an unknown god.
  2158 | D:3      | Reached skill level 5 in Fighting
  2158 | D:3      | Reached XP level 6. HP: 40/56 MP: 7/7
  3184 | D:4      | Reached skill level 3 in Axes
  3228 | D:4      | Found Zoadde's Gadget Emporium.
  3230 | D:4      | Noticed a dagger
  3230 | D:4      | Noticed a hand axe
  3231 | D:4      | Found a hide-covered altar of Uskayaw.
  3231 | D:4      | Noticed a phantom
  3298 | D:4      | Killed a phantom
  3298 | D:4      | Reached XP level 7. HP: 25/62 MP: 8/8
  3536 | D:4      | Found an ornate altar of the Wu Jian Council.
  3895 | D:4      | Reached skill level 6 in Fighting
  4705 | D:5      | Entered Level 5 of the Dungeon
  4901 | D:5      | Noticed Duvessa
  5285 | D:5      | Killed Duvessa
  5340 | D:5      | Noticed Dowan
  5474 | D:5      | Killed Dowan
  5474 | D:5      | Reached XP level 8. HP: 65/71 MP: 9/9
  5694 | D:5      | Reached skill level 7 in Fighting
  5806 | D:5      | Reached skill level 6 in Armour
  5876 | D:5      | Found a sparkling altar of Nemelex Xobeh.
  5957 | D:5      | Noticed Eustachio
  6016 | D:5      | Killed Eustachio
  6016 | D:5      | Reached skill level 6 in Axes
  6281 | D:5      | You fall through a shaft for 2 floors!
  6297 | D:7      | Found a deep blue altar of Sif Muna.
  6825 | D:7      | Killed from afar by an orc priest

Vault maps used:
D:1:      minmay_arrival_up_and_down
D:2:      lemuel_coloured_pillars_altar, grunt_gozag_statues, uniq_natasha,
          uniq_terence
D:3:      chequers_ecumenical_altar_simple_redux, roderic_lattice_a,
          minmay_close_crescents, uniq_ijyb
D:4:      dancing_weapons_uskayaw, old_standard_altar, serial_shops, shop,
          first_bread
D:5:      marbit_many_paths, minmay_item_behind_shaft, uniq_eustachio,
          uniq_duvessa
D:7:      good_gods_mini_temple, overflow_temple_1_default, lemuel_doored_altar

Skill      XL: |  1  2  3  4  5  6  7  8 |
---------------+-------------------------+-----
Fighting       | 2 3 4 5 6 7 |  7.8
Armour         | 1 2 3 4 5 6 |  6.6
Axes           | 1 3 5 6 |  6.6
Slings         | |  1.7
Dodging        | |  1.5
Spellcasting   | |  1.0
Hexes          | |  3.0

Action                   |  1- 3 |  4- 6 |  7- 9 || total
-------------------------+-------+-------+-------++-------
Melee: Hand axe          |       |       |   150 ||   150
 Fire: Hunting sling     |    96 |   475 |   433 ||  1004
 Cast: Corona            |       |     1 |     1 ||     2
Evoke: Wand              |       |       |     4 ||     4
  Use: Scroll            |       |     1 |     4 ||     5
       Potion            |       |       |     2 ||     2
 Stab: Paralysed         |       |       |    17 ||    17
       Invisible         |       |       |     9 ||     9
  Eat: Chunk             |       |     7 |    12 ||    19
Armor: Robe              |     6 |       |       ||     6
       Chain mail        |     7 |   280 |   422 ||   709
Dodge: Dodged            |    20 |   128 |   260 ||   408
